 Dungeon Crawl Stone Soup version 0.30-a0-777-ga9a30cbeda (webtiles) character file.

Game seed: 7470013451305116329

2203 mopl the Carver (level 9, -1/69 HPs)
             Began as a Merfolk Fighter on Feb 13, 2023.
             Was a Priest of Okawaru.
             Killed by divine providence
             ... invoked by an orc priest
              (13 damage)
             ... on level 8 of the Dungeon.
             The game lasted 00:07:31 (6299 turns).

mopl the Carver (Merfolk Fighter)                   Turns: 6299, Time: 00:07:32

Health: -1/69      AC: 13    Str: 20    XL:     9   Next: 34%
Magic:  11/11      EV:  9    Int:  7    God:    Okawaru [***...]
Gold:   327        SH:  5    Dex: 14    Spells: 8/8 levels left

rFire   . . .      SeeInvis .    a - +1 falchion (heavy)
rCold   . . .      Faith    +    c - +0 buckler
rNeg    . . .      Spirit   .    q - +0 chain mail
rPois   .          Reflect  .    n - +0 helmet
rElec   .          Harm     .    D - +0 cloak
rCorr   .          Rampage  .    (no gloves)
Will    .....                    g - +0 pair of boots Stlth
                                 y - amulet of faith {!P}
HPRegen 0.31/turn                (no ring)
MPRegen 0.12/turn                (no ring)

@: no status effects
A: (nimble swimmer 2), mertail
a: Renounce Religion, Heroism


You were on level 8 of the Dungeon.
You worshipped Okawaru.
Okawaru was most pleased with you.
You visited 2 branches of the dungeon, and saw 9 of its levels.

You collected 327 gold pieces.

Inventory:

Hand Weapons
 a - a +1 heavy falchion (weapon)
 H - a +0 long sword
 K - a +0 whip of venom
Missiles
 v - 4 poisoned darts (quivered)
 J - 2 boomerangs
Armour
 c - a +0 buckler (worn)
 g - a +0 pair of boots (worn)
 n - a +0 helmet (worn)
 q - a +0 chain mail (worn)
 D - a +0 cloak (worn)
 L - a +0 plate armour
 N - a +0 cloak of preservation
Magical Staves
 C - a staff of poison
Jewellery
 j - an amulet of guardian spirit
 y - an amulet of faith (around neck) {!P}
 G - an amulet of regeneration
Wands
 t - a wand of flame (16)
 A - a wand of polymorph (19)
 M - a wand of mindburst (3)
Scrolls
 b - 3 scrolls of butterflies {unknown}
 h - 2 scrolls of brand weapon {unknown}
 i - a scroll of fog {unknown}
 l - a scroll of magic mapping {unknown}
 p - a scroll of teleportation {unknown}
 s - a scroll of enchant weapon {unknown}
 x - a scroll of immolation {unknown}
 z - a scroll of enchant armour {unknown}
 B - a scroll of vulnerability {unknown}
 E - a scroll of amnesia {unknown}
 F - a scroll of acquirement {unknown}
Potions
 d - a potion of might
 e - 3 potions of haste
 f - 2 potions of lignification {!q}
 k - 5 potions of curing
 m - a potion of berserk rage {!q}
 o - 2 potions of brilliance
 r - a potion of flight
 u - a potion of heal wounds {unknown}
 w - 2 potions of invisibility {unknown}
 I - a potion of mutation {unknown}


   Skills:
 + Level 6.0 Fighting
 * Level 8.3 Long Blades
 + Level 3.2 Throwing
 + Level 4.1 Armour
 + Level 5.8 Dodging
 - Level 3.0 Shields
 + Level 3.6 Invocations
 + Level 3.2 Evocations


You had 8 spell levels left.
You didn't know any spells.
Your spell library was empty.

Dungeon Overview and Level Annotations

Branches:
Dungeon (8/15)             Temple (1/1) D:4
   Lair: D:8-11

Altars:
Cheibriados
Dithmenos
Elyvilon
Fedhas
Okawaru
Qazlal
Ru
Sif Muna
Trog
Uskayaw
Vehumet
Xom
Yredelemnul
Zin
The Shining One

Shops:
D:4 [


Innate Abilities, Weirdness & Mutations

((You are very nimble when in or above water. (Stealth+, EV+, Speed+++)))
Your lower body shifts to a powerful aquatic tail in water.


Message History

You slash Joseph!
You kill Joseph!
Okawaru is honoured by your kill.
Okawaru will now gift you throwing weapons as you gain piety.
Your base Fighting skill increases to level 6!
M - a wand of mindburst (3)
k - 6 metallic silvery potions (gained 2)
Things that are here:
a +0 quarterstaff of speed; a +0 sling; a +0 ring mail You feel like a meek peon again.
Okay, then.
t - a wand of flame (16) (gained 5 charges)
You now have 327 gold pieces (gained 25).
Things that are here:
a +0 short sword; a +0 cloak of preservation
N - a +0 cloak of preservation
Found a stone staircase leading down.
An orc priest comes into view. It is wielding a +0 club.
A bullfrog comes into view.
You see here a sedimented blue potion.
The bullfrog croaks.
You see here 13 gold pieces.
The bullfrog snags a nearby blue-tailed skink with its tongue.
The bullfrog hits you. The bullfrog attacks as you move away!
The bullfrog barely misses you. The bullfrog attacks as you move away!
The bullfrog hits you.
* * * LOW HITPOINT WARNING * * *
The bullfrog hits you.
* * * LOW HITPOINT WARNING * * *
The orc priest invokes the aid of Beogh against you.
Beogh smites you!
* * * LOW HITPOINT WARNING * * *
The bullfrog attacks as you move away!
The bullfrog hits you but does no damage.
Found a potion of berserk rage.
The bullfrog barely misses you.
It was a potion of curing.
You feel better. The bullfrog closely misses you.
The bullfrog hits you but does no damage.
The orc priest calls down the wrath of Beogh upon you.
Beogh smites you!
You die...

#.....†)..#####.###..#
.....#####...##...##..##
#.. ###o##.###..## #
#.##.# #.## #....###.#
### ##.####..# ... ##.#
#..## #.###.F# #.##
##.....@# #.#
......#.###.#
!..#..#.<##.# .#
#..)#)##.# ##....÷#.##
### #.#......###....#
#..##...........#
P..###.###.#####....#
P...................#


You could see a bullfrog and an orc priest.

Vanquished Creatures
  Joseph (D:8)
  A wyvern (D:8)
  An acid dragon (D:6)
  An orc warrior (D:7)
  An ice beast (D:5)
  2 black bears
  An ogre (D:5)
  A centaur (D:6)
  2 necrophages
  3 killer bees (D:7)
  A howler monkey (D:6)
  6 jellies
  A gnoll bouda (D:4)
  3 orc priests
  3 hounds
  4 iguanas
  2 orc wizards
  10 gnolls
  7 adders
  A shadow imp (D:6)
  An ufetubus (D:6)
  2 worms (D:5)
  2 dart slugs
  9 orcs
  7 endoplasms
  3 giant cockroaches
  10 goblins
  3 hobgoblins
  5 jackals
  6 kobolds
  5 quokkas
  4 ball pythons
  2 bats
  2 frilled lizards
  4 rats
117 creatures vanquished.

Notes
Turn   | Place    | Note
-------+----------+-------------------------------------------
     0 | D:1      | mopl the Merfolk Fighter began the quest for the Orb.
     0 | D:1      | Reached XP level 1. HP: 18/18 MP: 1/1
    40 | D:1      | Reached XP level 2. HP: 24/24 MP: 2/2
   340 | D:1      | Reached skill level 1 in Dodging
   350 | D:1      | Reached skill level 3 in Long Blades
   821 | D:2      | Reached XP level 3. HP: 29/29 MP: 3/3
  1182 | D:3      | Noticed a black bear
  1207 | D:2      | Reached XP level 4. HP: 24/37 MP: 2/4
  1311 | D:2      | Killed a black bear
  1312 | D:2      | Reached skill level 4 in Fighting
  1312 | D:2      | Reached skill level 4 in Long Blades
  1312 | D:2      | Reached skill level 2 in Dodging
  1312 | D:2      | Reached XP level 5. HP: 13/42 MP: 2/5
  1705 | D:3      | Found a faded altar of an unknown god.
  2024 | D:3      | Reached skill level 5 in Long Blades
  2024 | D:3      | Reached skill level 3 in Armour
  2024 | D:3      | Reached skill level 3 in Dodging
  2024 | D:3      | Reached XP level 6. HP: 43/48 MP: 6/6
  2347 | D:4      | Found a staircase to the Ecumenical Temple.
  2375 | Temple   | Entered the Ecumenical Temple
  2792 | D:4      | Found Gatheoch's Armour Shoppe.
  2890 | D:4      | Found an iron altar of Okawaru.
  2893 | D:4      | Became a worshipper of Warmaster Okawaru
  3640 | D:5      | Entered Level 5 of the Dungeon
  3647 | D:5      | Reached XP level 7. HP: 46/55 MP: 7/7
  3714 | D:5      | Reached skill level 1 in Invocations
  3715 | D:5      | Found a snail-covered altar of Cheibriados.
  3760 | D:5      | Reached skill level 6 in Long Blades
  3760 | D:5      | Reached skill level 1 in Throwing
  3760 | D:5      | Reached skill level 1 in Evocations
  3835 | D:5      | Reached skill level 4 in Dodging
  3896 | D:5      | Reached * piety under Okawaru
  3931 | D:5      | Reached skill level 5 in Fighting
  4222 | D:6      | Reached XP level 8. HP: 62/62 MP: 9/9
  4236 | D:6      | Reached skill level 2 in Invocations
  4344 | D:6      | Reached skill level 2 in Throwing
  4377 | D:6      | Found a white marble altar of Elyvilon.
  4398 | D:6      | Reached skill level 2 in Evocations
  4735 | D:6      | Reached skill level 7 in Long Blades
  5004 | D:6      | Reached ** piety under Okawaru
  5149 | D:6      | Reached skill level 5 in Dodging
  5181 | D:7      | Found a sacrificial altar of Ru.
  5244 | D:7      | HP: 1/63 [acid (6)]
  5668 | D:7      | Reached skill level 3 in Invocations
  6082 | D:7      | Reached XP level 9. HP: 42/69 MP: 9/11
  6257 | D:8      | Noticed Maurice
  6258 | D:8      | Noticed Joseph
  6263 | D:8      | Maurice changed into Maurice the wyvern
  6263 | D:8      | Noticed Maurice
  6267 | D:8      | Killed Maurice the wyvern
  6268 | D:8      | Reached skill level 8 in Long Blades
  6268 | D:8      | Reached skill level 3 in Throwing
  6268 | D:8      | Reached skill level 4 in Armour
  6268 | D:8      | Reached skill level 3 in Evocations
  6277 | D:8      | Killed Joseph
  6277 | D:8      | Reached *** piety under Okawaru
  6278 | D:8      | Reached skill level 6 in Fighting
  6295 | D:8      | HP: 1/69 [orc priest/divine providence (11)]
  6299 | D:8      | Killed from afar by an orc priest

Illustrated notes

Levels and vault maps discovered:
D:1:      heliophobic_arrival_ceremonial_halls, layout_basic
D:2:      layout_rooms
D:3:      layout_basic, shapermc_ecumenical_altar_notcrosses
D:4:      layout_layer_cave, kennysheep_mini, minmay_temple_entry_arrows,
          serial_shops, nicolae_shop_waterfront
D:5:      layout_cave_pools, lemuel_doored_altar
D:6:      layout_cave_pods, mainiacjoe_overflow_surrounded_room
D:7:      layout_loops_cross, mainiacjoe_overflow_concentric_impassable,
          kennysheep_another_room
D:8:      layout_rooms, nicolae_gozag_seed_capital, amcnicky_altar_gilded,
          grunt_lair_entry_orc_guard_hut, uniq_joseph, uniq_maurice
Temple:   nicolae_temple_bog_church

Skill      XL: |  1  2  3  4  5  6  7  8  9 |
---------------+----------------------------+-----
Dodging        | 1 2 3 4 5 |  5.8
Long Blades    | 3 4 5 6 7 8 |  8.3
Fighting       | 4 5 6 |  6.0
Armour         | 3 4 |  4.1
Invocations    | 1 3 |  3.6
Throwing       | 1 2 3 |  3.2
Evocations     | 1 2 3 |  3.2
Shields        | |  3.0

Action                     |  1- 3 |  4- 6 |  7- 9 || total
---------------------------+-------+-------+-------++-------
  Melee: Long sword        |   122 |   176 |   189 ||   487
         Falchion          |       |       |    51 ||    51
 Invoke: Heroism           |       |       |     4 ||     4
  Evoke: Wand              |       |       |     2 ||     2
    Use: Scroll            |       |       |     5 ||     5
         Potion            |       |       |     1 ||     1
 Armour: Scale mail        |    78 |    39 |       ||   117
         Chain mail        |       |    40 |   114 ||   154
  Dodge: Dodged            |    60 |    75 |   114 ||   249
  Block: Buckler           |    35 |    38 |    68 ||   141

Table legend: (Time is in decaauts)
 A = Elapsed time spent in this place.
 B = Non-inter-level travel time spent in this place.
 C = Inter-level travel time spent in this place.
 D = Time resting spent in this place.
 E = Time spent auto-exploring this place.
 F = Levels seen in this place.
 G = Mean time per level.
                   A        B        C        D        E       F      G
               +--------+--------+--------+--------+--------+-----+--------+
         Total |   6375 |   6118 |    257 |    839 |   4038 |   9 |  708.3 |
       Dungeon |   6281 |   6029 |    252 |    839 |   3957 |   8 |  785.1 |
        Temple |     93 |     89 |      4 |      0 |     81 |   1 |   93.0 |
               +--------+--------+--------+--------+--------+-----+--------+

Top non-repeatable levels by time:
     D:4: 1294 daAuts
     D:7: 984 daAuts
     D:6: 981 daAuts
     D:3: 834 daAuts
     D:1: 740 daAuts
     D:2: 722 daAuts
     D:5: 568 daAuts
     D:8: 155 daAuts
  Temple: 93 daAuts
